 Dungeon Crawl Stone Soup version 0.31-a0-851-g7ff8af7976 (console) character file.

Game seed: 17118878592054932137

215202 jejorda2 the Cleaver (level 19, -3/226 HPs)
             Began as a Gnoll Berserker on Oct 7, 2023.
             Was a High Priest of Trog.
             Slain by a naga warrior
             ... wielding a +1 antimagic spear
              (13 damage)
             ... on level 3 of the Snake Pit.
             The game lasted 01:34:30 (35492 turns).

jejorda2 the Cleaver (Gnoll Berserker)             Turns: 35492, Time: 01:34:31

Health: -3/226     AC: 41    Str: 23    XL:     19   Next: 41%
Magic:  21/35      EV: 11    Int: 13    God:    Trog [*****.]
Gold:   1820       SH:  0    Dex: 11    Spells: 42/42 levels left

rFire   + . .        a - +2 broad axe (venom)
rCold   + . .        p - orb of Podiom {*channel, Rampage Slay+3}
rNeg    . . .        d - +15 Maxwell's patent armour {-Cast -Tele rElec Will+ rCorr}
rPois   +            s - +2 helmet
rElec   +            t - +2 cloak
rCorr   +            l - +2 pair of gloves
SInv    .            (no boots)
Will    ++...        k - amulet of faith Stlth
                     o - ring of protection from fire
HPRegen 0.57/turn    j - ring "Urgheusk" {rPois rC+ Int+4}
MPRegen 0.24/turn

%: no teleportation, no spellcasting, rampage, faith, channel magic (20%)
@: berserking (expiring), very quick
A: fangs 1, strong nose, distributed training
a: Renounce Religion, Berserk, Trog's Hand, Brothers in Arms


You were on level 3 of the Snake Pit.
You worshipped Trog.
Trog was extremely pleased with you.
You visited 4 branches of the dungeon, and saw 25 of its levels.
You also visited: Trove and Ice Cave.

You collected 3683 gold pieces.
You spent 1863 gold pieces at shops.

Inventory:

Hand Weapons
 a - a +2 broad axe of venom (weapon)
 b - the +8 trident of the Octopus King {venom, rElec rPois}
   (You found it on level 5 of the Lair of Beasts)

   rElec:     It insulates you from electricity.
   rPois:     It protects you from poison
 w - a +5 dire flail
 x - a +1 battleaxe of freezing
 A - a +0 lajatang of freezing
Missiles
 c - 5 atropa-tipped darts
 n - 52 poisoned darts
 q - 6 curare-tipped darts
 z - 11 javelins
 F - 22 boomerangs (quivered)
 G - a throwing net
Armour
 d - the +15 Maxwell's patent armour (worn) {-Cast -Tele rElec Will+ rCorr}
   (You bought it in a shop on level 2 of the Dungeon)

   rElec:     It insulates you from electricity.
   Will+:     It increases your willpower.
   -Cast:     It prevents spellcasting.
   -Tele:     It prevents most forms of teleportation.
   rCorr:     It protects you from acid and corrosion.
 l - a +2 pair of gloves (worn)
 p - the orb of Podiom (worn) {*channel, Rampage Slay+3}
   (You found it on level 15 of the Dungeon)

   Slay+3:    It affects your accuracy & damage with ranged weapons and melee
   (+3).
   Rampage:   It bestows one free step when moving towards enemies.
   Trog disapproves of the use of such an item.
 s - a +2 helmet (worn)
 t - a +2 cloak (worn)
Jewellery
 i - the ring "Tazauv" {rPois SInv Stlth+}
   (You found it in a treasure trove)

   [ring of see invisible]

   rPois:     It protects you from poison SInv: It lets you see invisible.
   Stlth+:    It makes you more stealthy.
 j - the ring "Urgheusk" (right hand) {rPois rC+ Int+4}
   (You found it in a treasure trove)

   [ring of poison resistance]

   Int+4:     It affects your intelligence (+4).
   rC+:       It protects you from cold.
   rPois:     It protects you from poison
 k - an amulet of faith (around neck)
 o - a ring of protection from fire (left hand)
 E - a ring of protection from fire
Wands
 e - a wand of digging (11)
 u - a wand of light (4)
 y - a wand of polymorph (21)
 B - a wand of flame (9)
 C - a wand of paralysis (14)
 D - a wand of roots (17)
 H - a wand of mindburst (3)
Scrolls
 f - a scroll of enchant weapon
 m - a scroll of butterflies
 r - a scroll of enchant armour
 v - a scroll of teleportation
 K - a scroll of fog
 L - 3 scrolls of fear
 M - a scroll of immolation
 O - 4 scrolls of revelation
Potions
 g - 5 potions of invisibility
 h - a potion of cancellation
 R - 3 potions of curing
 S - 4 potions of ambrosia
 T - 4 potions of attraction
 V - 4 potions of haste
 W - 4 potions of heal wounds
 X - 5 potions of might
 Y - 5 potions of mutation
 Z - 3 potions of resistance


   Skills:
 + Level 13.9 Fighting
 + Level 12.4 Short Blades
 + Level 12.4 Long Blades
 + Level 13.9 Axes
 + Level 12.4 Maces & Flails
 + Level 12.4 Polearms
 + Level 12.4 Staves
 + Level 12.4 Ranged Weapons
 + Level 12.4 Throwing
 + Level 13.1 Armour
 + Level 13.1 Dodging
 + Level 12.4 Stealth
 + Level 12.4 Shields
 + Level 12.4 Unarmed Combat
 + Level 12.4 Spellcasting
 + Level 10.5 Conjurations
 + Level 10.5 Hexes
 + Level 10.5 Summonings
 + Level 10.5 Necromancy
 + Level 10.5 Translocations
 + Level 10.5 Transmutations
 + Level 10.5 Fire Magic
 + Level 10.5 Ice Magic
 + Level 10.5 Air Magic
 + Level 10.5 Earth Magic
 + Level 10.5 Poison Magic
 + Level 13.4 Invocations
 + Level 12.4 Evocations
 + Level 11.4 Shapeshifting


You had 42 spell levels left.
You didn't know any spells.
Your spell library was empty.

Dungeon Overview and Level Annotations

Branches:
Dungeon (15/15)            Temple (0/1) D:4            Lair (5/5) D:9
 Shoals (0/4) Lair:2        Snake (3/4) Lair:2        Slime (0/5) Lair:4
    Orc (2/2) D:12            Elf (0/3) Orc:2        Vaults (0/5) D:13
 Depths (0/4) D:15          IceCv (visited)

Altars:
Cheibriados
Dithmenos
Kikubaaqudgha
Makhleb
Nemelex Xobeh
Okawaru
Qazlal
Sif Muna
Trog
The Shining One

Shops:
D:2 [   D:6 *   D:12 ([   D:13 !   Orc:2 !:!(

Annotations:
Lair:3 3 runed translucent doors, DocEon's ghost, journeyman DECj
Lair:4 1 runed translucent door
Snake:3 1 transporter, Miduta's ghost, journeyman DsNe


Innate Abilities, Weirdness & Mutations

You have very sharp teeth.
Your uncanny sense of smell can sniff out nearby items.
Your experience applies equally to all skills.


Message History

The salamander hits you but does no damage.
The moth of wrath bites you!
* * * LOW HITPOINT WARNING * * *
The naga hits you from afar with a +0 glaive!
* * * LOW HITPOINT WARNING * * *
Miduta's ghost hits you but does no damage.
Unknown command.
You closely miss the moth of wrath.
The moth of wrath is heavily wounded.
You hit the salamander. You closely miss the moth of wrath.
You slash Miduta's ghost! The salamander barely misses you.
The moth of wrath bites you but does no damage.
The naga hits you but does no damage.
The naga warrior hits you from afar with a +1 antimagic spear!!
* * * LOW HITPOINT WARNING * * *
You feel your power leaking away.
The moth of wrath bites you but does no damage.
Unknown command.
You can't go up here!
You slice the moth of wrath!!
The moth of wrath is poisoned.
The moth of wrath is almost dead.
You hit the salamander.
The salamander looks as sick as possible!
You slash the moth of wrath!
The moth of wrath is poisoned.
You hit Miduta's ghost. The salamander barely misses you.
Miduta's ghost hits you but does no damage.
The naga closely misses you. The moth of wrath barely misses you.
Unknown command.
Unknown command.
You slice the moth of wrath!!
You kill the moth of wrath!
Trog accepts your kill.
You slash the salamander!
The salamander looks as sick as possible!
You slice the moth of wrath!!
The moth of wrath looks as sick as possible!
You slice Miduta's ghost!!
The salamander hits you but does no damage.
The naga warrior hits you from afar with a +1 antimagic spear!
You die...

########..........#.#..##
#......'............##+#
#.######....#####....#.###
#.# ##..###...###..#....
##'#####..##.....y###......
#.........#....###..#..#.#.
#........##....#≈#..##..>#.
#........#.yN..:?#...#...#.
#.......©#@W..._[...N#©..#.
##.......#N)#≈N..#...#..##+
##...#..##N###.#≈#.##.....
#'####..##N#Ny#####......
#.# #..##N...#.###..)...
#.# ##..###...###...)...
#.# #....#####.....)... #.#
##......).)..#..... #.#
###....)..###.....


You could see 3 naga warriors, 2 salamanders, a moth of wrath (extremely
poisoned), a naga (berserk) and Miduta's ghost (swift).

Vanquished Creatures
  Rupert (Orc:1)
  Aizul (Snake:2)
  Nessos (Orc:2)
  Azrael (Orc:1)
  3 dire elephants
  A quicksilver dragon zombie (D:15)
  4 hydras
  Harold (D:11)
  4 vault guards (D:13)
  2 alligators (Lair:2)
  Erolcha (D:10)
  2 salamander tyrants
  5 anacondas
  An ogre mage (D:15)
  5 centaur warriors
  Erica (D:10)
  13 death yaks
  5 naga warriors
  8 two-headed ogres
  A merfolk avatar (Lair:5)
  6 boulder beetles
  4 orc high priests (Orc:2)
  2 shock serpents
  A storm dragon zombie (D:15)
  Sonja (Orc:1)
  A deep elf knight (Snake:3)
  5 naga sharpshooters
  2 skysharks (Lair:5)
  7 skeletal warriors
  A sea snake (Lair:5)
  3 salamander mystics
  A deep elf archer (Snake:3)
  A flayed ghost (D:14)
  5 orc knights
  2 deep elf pyromancers
  A necromancer (D:15)
  4 naga ritualists
  A harpy (shapeshifter) (D:14)
  An oklob plant (Lair:2)
  3 orc sorcerers (Orc:2)
  22 ugly things
  5 mana vipers
  10 salamanders
  5 cyclopes
  An elephant (shapeshifter) (D:15)
  8 manticores
  4 centaur zombies (D:12)
  A moth of wrath (Snake:3)
  3 merfolk sirens (Lair:2)
  2 guardian serpents
  29 black mambas
  6 elephants
  3 naga magi (Snake:3)
  14 cane toads
  An ice statue (IceCv)
  A spriggan zombie (D:15)
  3 kobold demonologists
  13 komodo dragons
  10 rime drakes
  An unseen horror (D:8)
  A freezing wraith (D:15)
  9 trolls
  9 polar bears
  3 hornets
  A merfolk (Lair:2)
  A raiju (Snake:3)
  6 blink frogs (Lair:5)
  11 dream sheep
  A meliai zombie (D:12)
  Sigmund (D:4)
  5 shadows (D:12)
  3 wraiths (D:12)
  5 vampires
  A wyvern (Lair:5)
  Eustachio (D:4)
  A wyvern (shapeshifter) (D:13)
  3 fire elementals (Orc:1)
  68 yaks
  2 vampire mosquitoes (D:14)
  3 steam dragons
  Menkaure (D:4)
  5 basilisks
  A human zombie (D:15)
  19 nagas
  An acid dragon (shapeshifter) (D:14)
  3 wargs
  13 water moccasins
  A hell hound (Orc:1)
  23 orc warriors
  4 black bears
  9 ice beasts
  2 sky beasts
  8 ogres
  14 wolves
  13 centaurs
  A phantom (D:4)
  8 kobold brigands
  9 bullfrogs
  2 gnoll sergeants
  3 scorpions
  5 wights
  6 electric eels
  3 howler monkeys
  5 hounds
  A gnoll bouda (D:5)
  2 jellies
  15 orc priests
  3 iguanas
  A boggart zombie (D:12)
  4 sleepcaps
  28 orc wizards
  Natasha (thrice) (D:3)
  Robin (D:4)
  23 gnolls
  9 adders
  2 white imps
  An ufetubus (D:4)
  A worm (D:3)
  14 dart slugs
  53 orcs
  4 ball pythons
  12 endoplasms
  5 giant cockroaches
  12 goblins
  7 hobgoblins
  3 jackals
  30 kobolds
  2 quokkas (D:3)
  6 bats
  4 frilled lizards
  3 rats
798 creatures vanquished.

Vanquished Creatures (collateral kills)
  A frost giant (IceCv)
  A death yak (IceCv)
  3 skeletal warriors (D:13)
  A rime drake (IceCv)
  An orc priest (Orc:1)
7 creatures vanquished.

Grand Total: 805 creatures vanquished

Notes
Turn   | Place    | Note
-------+----------+-------------------------------------------
     0 | D:1      | jejorda2 the Gnoll Berserker began the quest for the Orb.
     0 | D:1      | Reached XP level 1. HP: 23/23 MP: 1/1
   105 | D:1      | Reached XP level 2. HP: 17/29 MP: 2/2
   753 | D:2      | Reached XP level 3. HP: 18/35 MP: 2/4
   825 | D:2      | Reached skill level 1 in Invocations
   907 | D:2      | Reached skill level 1 in Short Blades
   907 | D:2      | Reached skill level 1 in Long Blades
   907 | D:2      | Reached skill level 1 in Maces & Flails
   907 | D:2      | Reached skill level 1 in Polearms
   907 | D:2      | Reached skill level 1 in Staves
   907 | D:2      | Reached skill level 1 in Ranged Weapons
   907 | D:2      | Reached skill level 1 in Throwing
   907 | D:2      | Reached skill level 1 in Stealth
   907 | D:2      | Reached skill level 1 in Shields
   907 | D:2      | Reached skill level 1 in Unarmed Combat
   907 | D:2      | Reached skill level 1 in Spellcasting
   907 | D:2      | Reached skill level 1 in Evocations
  1009 | D:2      | Reached skill level 1 in Shapeshifting
  1009 | D:2      | Reached XP level 4. HP: 26/41 MP: 5/5
  1155 | D:2      | Found Lostysuc's Armour Shoppe.
  1200 | D:2      | Reached skill level 1 in Conjurations
  1200 | D:2      | Reached skill level 1 in Hexes
  1200 | D:2      | Reached skill level 1 in Summonings
  1200 | D:2      | Reached skill level 1 in Necromancy
  1200 | D:2      | Reached skill level 1 in Translocations
  1200 | D:2      | Reached skill level 1 in Transmutations
  1200 | D:2      | Reached skill level 1 in Fire Magic
  1200 | D:2      | Reached skill level 1 in Ice Magic
  1200 | D:2      | Reached skill level 1 in Air Magic
  1200 | D:2      | Reached skill level 1 in Earth Magic
  1200 | D:2      | Reached skill level 1 in Poison Magic
  1455 | D:2      | Found a sparkling altar of Nemelex Xobeh.
  1892 | D:3      | Noticed Natasha
  1906 | D:3      | Killed Natasha
  1907 | D:3      | Reached XP level 5. HP: 36/47 MP: 5/7
  1993 | D:3      | Reached ** piety under Trog
  2048 | D:3      | You fall into a shaft and drop 1 floor!
  2171 | D:4      | Noticed Menkaure
  2188 | D:4      | Killed Menkaure
  2189 | D:4      | Reached skill level 5 in Armour
  2189 | D:4      | Reached skill level 5 in Dodging
  2189 | D:4      | Reached XP level 6. HP: 8/53 MP: 7/9
  2355 | D:4      | Found a staircase to the Ecumenical Temple.
  2531 | D:4      | Reached XP level 7. HP: 45/59 MP: 10/10
  2860 | D:4      | Noticed Robin
  2860 | D:4      | Noticed Eustachio
  2872 | D:4      | Killed Robin
  2877 | D:4      | Killed Eustachio
  2962 | D:4      | Noticed Sigmund
  2983 | D:4      | Killed Sigmund
  3037 | D:4      | Reached XP level 8. HP: 56/67 MP: 12/12
  3219 | D:4      | Found a shadowy altar of Dithmenos.
  3787 | D:3      | Noticed Natasha
  3796 | D:3      | Killed Natasha
  3796 | D:3      | Reached *** piety under Trog
  4018 | D:3      | Noticed Natasha
  4024 | D:3      | Killed Natasha
  4202 | D:5      | Entered Level 5 of the Dungeon
  4233 | D:5      | Found a burning altar of Makhleb.
  4656 | D:5      | Found a snail-covered altar of Cheibriados.
  5050 | D:6      | Reached XP level 9. HP: 59/73 MP: 14/14
  5854 | D:6      | Identified the +2 robe of the New World {Harm rCorr Str+5}
  5932 | D:6      | Found Uffyshed's General Store.
  5935 | D:6      | Bought a scroll of identify for 22 gold pieces
  6157 | D:6      | Found a stormy altar of Qazlal.
  6418 | D:7      | Reached skill level 5 in Conjurations
  6418 | D:7      | Reached skill level 5 in Hexes
  6418 | D:7      | Reached skill level 5 in Summonings
  6418 | D:7      | Reached skill level 5 in Necromancy
  6418 | D:7      | Reached skill level 5 in Translocations
  6418 | D:7      | Reached skill level 5 in Transmutations
  6418 | D:7      | Reached skill level 5 in Fire Magic
  6418 | D:7      | Reached skill level 5 in Ice Magic
  6418 | D:7      | Reached skill level 5 in Air Magic
  6418 | D:7      | Reached skill level 5 in Earth Magic
  6418 | D:7      | Reached skill level 5 in Poison Magic
  6418 | D:7      | Reached skill level 5 in Shapeshifting
  6418 | D:7      | Reached XP level 10. HP: 83/83 MP: 15/19
  7611 | D:7      | Found a glowing golden altar of the Shining One.
  7707 | D:7      | Found a sparkling altar of Nemelex Xobeh.
  8137 | D:8      | Noticed a red ugly thing
  8173 | D:8      | Reached XP level 11. HP: 80/89 MP: 20/20
  8176 | D:8      | Reached **** piety under Trog
  8200 | D:8      | Noticed a two-headed ogre
  8211 | D:8      | Killed a two-headed ogre
  8408 | D:8      | Killed a red ugly thing
  8548 | D:8      | Noticed a boulder beetle
  8564 | D:8      | Killed a boulder beetle
  8951 | D:8      | Found a shimmering blue altar of Sif Muna.
  8960 | D:8      | Found an ancient bone altar of Kikubaaqudgha.
  9544 | D:9      | Identified the +3 hand axe of Pride {heavy, *Noise rElec
                  | rC++ Str+4}
  9900 | D:9      | Found a staircase to the Lair.
 10062 | D:9      | Noticed a sixfirhy
 10071 | D:9      | Noticed a sixfirhy
 10536 | D:9      | Found an iron altar of Okawaru.
 10708 | D:10     | Entered Level 10 of the Dungeon
 10739 | D:10     | Noticed Erica
 10748 | D:10     | Killed Erica
 11000 | D:10     | Noticed a two-headed ogre
 11001 | D:10     | Noticed Erolcha
 11008 | D:10     | Killed a two-headed ogre
 11009 | D:10     | Reached XP level 12. HP: 97/97 MP: 22/22
 11015 | D:10     | Killed Erolcha
 11307 | D:11     | Noticed Harold
 11321 | D:11     | Killed Harold
 11322 | D:11     | Reached skill level 10 in Fighting
 11322 | D:11     | Reached skill level 10 in Axes
 11622 | D:11     | Noticed a two-headed ogre
 11634 | D:11     | Killed a two-headed ogre
 11672 | D:11     | Noticed a boulder beetle
 11688 | D:11     | Killed a boulder beetle
 13186 | D:12     | Found Gavemp's Weapon Shop.
 13188 | D:12     | Found a staircase to the Orcish Mines.
 13195 | D:12     | Found Qadaoxaqyn's Armour Shop.
 13763 | D:12     | Noticed an eight-headed hydra
 13779 | D:12     | Killed an eight-headed hydra
 14235 | D:12     | Reached XP level 13. HP: 46/104 MP: 25/25
 14436 | D:12     | Found a portal to a secret trove of treasure.
 14480 | Trove    | Entered a treasure trove
 14558 | Trove    | Identified the ring of Enenyta {Will+ Str+4 Stlth-}
 14566 | Trove    | Identified the ring of Pumozal {Fire rN+ Int-4 Dex+3}
 14570 | Trove    | Identified the ring "Tazauv" {rPois SInv Stlth+}
 14572 | Trove    | Identified the ring "Urgheusk" {rPois rC+ Int+4}
 14575 | Trove    | Identified the ring "Mefux" {Contam rF+ rN+ rCorr SInv}
 14582 | Trove    | Identified the ring of Rugayff {AC+4 Stlth+}
 15096 | Lair:1   | Entered Level 1 of the Lair of Beasts
 16013 | Lair:2   | Reached * piety under Trog
 16084 | Lair:2   | Found a staircase to the Shoals.
 16127 | Lair:2   | Identified a scroll of acquirement
 16128 | Lair:2   | Acquired 1008 gold pieces
 16337 | D:2      | Bought the +15 Maxwell's patent armour {-Cast -Tele rElec
                  | Will+ rCorr} for 1489 gold pieces
 16337 | D:2      | Found the +15 Maxwell's patent armour {-Cast -Tele rElec
                  | Will+ rCorr}
 17399 | Lair:2   | Found a staircase to the Snake Pit.
 17911 | Lair:2   | Reached skill level 10 in Armour
 17911 | Lair:2   | Reached skill level 10 in Dodging
 18274 | Lair:2   | Noticed a dire elephant
 18284 | Lair:2   | Killed a dire elephant
 18606 | Lair:3   | Reached XP level 14. HP: 107/113 MP: 27/27
 18816 | Lair:3   | Reached skill level 10 in Invocations
 18930 | Lair:3   | Found a runed translucent gate.
 18931 | Lair:3   | Found a runed translucent gate.
 18940 | Lair:3   | Found a runed translucent gate.
 18952 | Lair:3   | Reached XP level 15. HP: 119/119 MP: 28/28
 18953 | Lair:3   | Reached XP level 16. HP: 127/127 MP: 29/29
 19676 | Lair:3   | Noticed DocEon's ghost (journeyman DECj)
 20256 | Lair:4   | Found a runed translucent door.
 20299 | Lair:4   | Found a staircase to the Slime Pits.
 20299 | Lair:4   | Noticed an acid blob
 20301 | Lair:4   | Noticed an acid blob
 20525 | Lair:4   | Reached skill level 10 in Short Blades
 20525 | Lair:4   | Reached skill level 10 in Long Blades
 20525 | Lair:4   | Reached skill level 10 in Maces & Flails
 20525 | Lair:4   | Reached skill level 10 in Polearms
 20525 | Lair:4   | Reached skill level 10 in Staves
 20525 | Lair:4   | Reached skill level 10 in Ranged Weapons
 20525 | Lair:4   | Reached skill level 10 in Throwing
 20525 | Lair:4   | Reached skill level 10 in Stealth
 20525 | Lair:4   | Reached skill level 10 in Shields
 20525 | Lair:4   | Reached skill level 10 in Unarmed Combat
 20525 | Lair:4   | Reached skill level 10 in Spellcasting
 20525 | Lair:4   | Reached skill level 10 in Evocations
 21019 | Lair:5   | Entered Level 5 of the Lair of Beasts
 21065 | Lair:5   | Found a frozen archway.
 21110 | IceCv    | Entered an ice cave
 21444 | IceCv    | Reached XP level 17. HP: 64/133 MP: 31/31
 22795 | Lair:5   | Reached skill level 10 in Shapeshifting
 22953 | Lair:5   | Found the +8 trident of the Octopus King {venom, rElec
                  | rPois}
 23739 | D:13     | Found a gate to the Vaults.
 23758 | D:13     | Reached ***** piety under Trog
 23770 | D:13     | Reached XP level 18. HP: 51/142 MP: 33/33
 24443 | D:13     | Found Ytzirau's Distillery.
 24593 | D:13     | Bought 2 potions of heal wounds for 170 gold pieces
 25710 | D:15     | Entered Level 15 of the Dungeon
 26677 | D:14     | HP: 6/142 [skeletal warrior/+0 dire flail (13)]
 27290 | D:15     | Identified the orb of Podiom {*channel, Rampage Slay+3}
 27308 | D:15     | Found a staircase to the Depths.
 27611 | Orc:1    | Entered Level 1 of the Orcish Mines
 27882 | Orc:2    | Entered Level 2 of the Orcish Mines
 27882 | Orc:2    | Noticed Azrael
 28037 | Orc:2    | Noticed Rupert
 28044 | Orc:1    | Killed Azrael
 28107 | Orc:1    | Killed Rupert
 28643 | Orc:2    | Noticed Nessos
 28654 | Orc:2    | Killed Nessos
 29011 | Orc:1    | Noticed Sonja
 29015 | Orc:1    | Killed Sonja
 29412 | Orc:2    | Found a staircase to the Elven Halls.
 29679 | Orc:2    | Reached skill level 10 in Conjurations
 29679 | Orc:2    | Reached skill level 10 in Hexes
 29679 | Orc:2    | Reached skill level 10 in Summonings
 29679 | Orc:2    | Reached skill level 10 in Necromancy
 29679 | Orc:2    | Reached skill level 10 in Translocations
 29679 | Orc:2    | Reached skill level 10 in Transmutations
 29679 | Orc:2    | Reached skill level 10 in Fire Magic
 29679 | Orc:2    | Reached skill level 10 in Ice Magic
 29679 | Orc:2    | Reached skill level 10 in Air Magic
 29679 | Orc:2    | Reached skill level 10 in Earth Magic
 29679 | Orc:2    | Reached skill level 10 in Poison Magic
 29718 | Orc:2    | Found Exanudado's Distillery.
 29718 | Orc:2    | Found Inoaheo's Antique Weapon Shoppe.
 29720 | Orc:2    | Found Mozxot Ycze's Book Shop.
 29720 | Orc:2    | Found Udghel's Distillery.
 29829 | Orc:2    | Bought a runed broad axe for 182 gold pieces
 30641 | Snake:1  | Entered Level 1 of the Snake Pit
 30662 | Snake:1  | Received a gift from Trog
 32443 | Snake:2  | Noticed Aizul
 32462 | Snake:2  | Killed Aizul
 32463 | Snake:2  | Reached XP level 19. HP: 108/150 MP: 35/35
 34157 | Snake:3  | Found a transporter.
 34159 | Snake:3  | Found a transporter.
 34178 | Snake:3  | Noticed Miduta's ghost (journeyman DsNe)
 34357 | Snake:3  | Found a bloodstained altar of Trog.
 35490 | Snake:3  | HP: 9/226 [naga warrior/+1 antimagic spear (30)]
 35492 | Snake:3  | Slain by a naga warrior

Illustrated notes

Levels and vault maps discovered:
D:1:      minmay_arrival_loop, layout_basic, serial_rivers,
          chequers_serial_rivers_micro_d, chequers_serial_rivers_small_3,
          chequers_serial_rivers_micro_d, chequers_serial_rivers_micro_e,
          hangedman_abyss_or_decor_lesser_grid, minmay_misc_feat_columns
D:2:      cheibrodos_helix_gallery, layout_basic, serial_shops, shop,
          basic_altar, grunt_ministairs_3
D:3:      layout_basic, minmay_diced_spiral, uniq_natasha
D:4:      layout_loops_cross, kennysheep_mini, minmay_temple_entry_wispy,
          uniq_robin, uniq_menkaure, uniq_eustachio, uniq_sigmund
D:5:      layout_basic, mainiacjoe_overflow_six_doors_small,
          general_overflow_altar
D:6:      layout_gridville, nicolae_qazlal_eye_of_the_storm, serial_shops,
          nicolae_shop_window_shopping, serial_park_tiny_1
D:7:      kennysheep_slugbush, layout_rooms, mainiacjoe_overflow_alcove_1,
          overflow_temple_1_default, st_stairs_1
D:8:      cheibrodos_fzero, layout_basic, mainiacjoe_overflow_swirl
D:9:      layout_cave_pools, kennysheep_okawaru_gauntlet,
          hellmonk_lair_entry_icy, serial_glass, glass_columns_c,
          glass_columns_a, glass_columns_c, glass_columns_a,
          kennysheep_decorative_pillar
D:10:     layout_roguey, dk_noncrumbling_4, uniq_erica, uniq_erolcha
D:11:     layout_irregular_city, uniq_harold
D:12:     layout_stronghold, orc_david_3, nicolae_trove_entry_isolated,
          serial_undead, serial_undead_c, serial_undead_f, serial_undead_a,
          serial_undead_e, serial_undead_e
D:13:     layout_basic, lightli_vaults_fourway_checkpoint, serial_shops,
          nicolae_shop_rolling_square, chequers_serial_rivers_micro_d
D:14:     layout_irregular_city
D:15:     gammafunk_depths_entry_grave, layout_cave_pools,
          chequers_serial_rivers_micro_b
Lair:1:   layout_loops_ring
Lair:2:   layout_loops_ring, elwin_shoals_entry_stream,
          minmay_snake_entry_guardpost_small, nicolae_lair_lakeside_cave
Lair:3:   layout_chaotic_city, gammafunk_ghost_necromancy, serial_bayou_shore_b,
          lemuel_fruit_tree
Lair:4:   layout_small_grid, slime_entry_2, serial_bayou, serial_bayou_pond_d,
          serial_bayou_lagoon_b, serial_bayou_pond_d, serial_bayou_ford_a,
          lemuel_fruit_fields
Lair:5:   gammafunk_lair_ancient_temple, layout_long_grid,
          portal_ice_cave_entry_pillars_2, small_statue_intersection
Snake:1:  layout_chambers
Snake:2:  layout_basic, uniq_aizul
Snake:3:  layout_gridlike, gammafunk_ghost_wrathful_warriors,
          beargit_elvish_explorers
Orc:1:    layout_caves, uniq_sonja
Orc:2:    grunt_orc_tribal_feast, layout_caves, uniq_nessos, uniq_rupert,
          uniq_azrael

Skill      XL: |  1  2  3  4  5  6  7  8  9 10 11 12 13 14 15 16 17 18 19 |
---------------+----------------------------------------------------------+-----
Invocations    | 1 2 3 4 6 7 8 9 10 11 12 13 | 13.4
Short Blades   | 1 2 3 6 7 8 9 10 11 12 | 12.4
Long Blades    | 1 2 3 6 7 8 9 10 11 12 | 12.4
Maces & Flails | 1 2 3 6 7 8 9 10 11 12 | 12.4
Polearms       | 1 2 3 6 7 8 9 10 11 12 | 12.4
Staves         | 1 2 3 6 7 8 9 10 11 12 | 12.4
Ranged Weapons | 1 2 3 6 7 8 9 10 11 12 | 12.4
Throwing       | 1 2 3 6 7 8 9 10 11 12 | 12.4
Stealth        | 1 2 3 6 7 8 9 10 11 12 | 12.4
Shields        | 1 2 3 6 7 8 9 10 11 12 | 12.4
Unarmed Combat | 1 2 3 6 7 8 9 10 11 12 | 12.4
Spellcasting   | 1 2 3 6 7 8 9 10 11 12 | 12.4
Evocations     | 1 2 3 6 7 8 9 10 11 12 | 12.4
Shapeshifting  | 1 2 3 5 6 7 8 9 10 11 | 11.4
Conjurations   | 1 2 3 5 6 7 8 9 10 | 10.5
Hexes          | 1 2 3 5 6 7 8 9 10 | 10.5
Summonings     | 1 2 3 5 6 7 8 9 10 | 10.5
Necromancy     | 1 2 3 5 6 7 8 9 10 | 10.5
Translocations | 1 2 3 5 6 7 8 9 10 | 10.5
Transmutations | 1 2 3 5 6 7 8 9 10 | 10.5
Fire Magic     | 1 2 3 5 6 7 8 9 10 | 10.5
Ice Magic      | 1 2 3 5 6 7 8 9 10 | 10.5
Air Magic      | 1 2 3 5 6 7 8 9 10 | 10.5
Earth Magic    | 1 2 3 5 6 7 8 9 10 | 10.5
Poison Magic   | 1 2 3 5 6 7 8 9 10 | 10.5
Armour         | 5 6 7 8 9 10 11 12 13 | 13.1
Dodging        | 5 6 7 8 9 10 11 12 13 | 13.1
Fighting       | 7 9 10 11 12 13 | 13.9
Axes           | 7 9 10 11 12 13 | 13.9

Action                     |  1- 3 |  4- 6 |  7- 9 | 10-12 | 13-15 | 16-18 | 19-21 || total
---------------------------+-------+-------+-------+-------+-------+-------+-------++-------
  Melee: Hand axe          |    63 |   137 |   324 |   117 |       |    11 |       ||   652
         Bite              |     6 |    14 |    32 |    70 |    67 |   200 |    42 ||   431
         Punch             |       |     3 |    10 |     2 |       |     3 |       ||    18
         Dire flail        |       |       |       |   412 |   403 |   167 |       ||   982
         Battleaxe         |       |       |       |    65 |    16 |   749 |       ||   830
         Lajatang          |       |       |       |       |       |   221 |       ||   221
         Trident           |       |       |       |       |       |   164 |   328 ||   492
         Broad axe         |       |       |       |       |       |    11 |    61 ||    72
  Throw: Dart              |       |       |     3 |    25 |    49 |   143 |       ||   220
         Boomerang         |       |       |       |       |       |    28 |       ||    28
         Javelin           |       |       |       |       |       |     1 |       ||     1
 Invoke: Berserk           |     2 |     2 |     8 |    15 |     5 |    27 |     6 ||    65
         Trog's Hand       |       |       |     2 |     8 |       |     9 |     1 ||    20
         Brothers in Arms  |       |       |       |       |       |     4 |       ||     4
  Evoke: Wand              |       |       |       |     4 |       |    11 |       ||    15
    Use: Potion            |       |       |     3 |       |     5 |     4 |       ||    12
         Scroll            |       |       |     6 |    18 |     4 |     7 |     2 ||    37
   Stab: Sleeping          |       |     1 |       |       |       |       |       ||     1
         Invisible         |       |       |       |       |       |     1 |       ||     1
         Paralysed         |       |       |       |       |       |     1 |       ||     1
 Armour: Animal skin       |    22 |    30 |       |       |       |       |       ||    52
         Scale mail        |       |    41 |       |       |       |       |       ||    41
         Chain mail        |       |       |   254 |   333 |       |       |       ||   587
         Skin              |       |       |     6 |       |       |       |       ||     6
         Plate armour      |       |       |       |   290 |   425 |  1557 |   304 ||  2576
  Dodge: Dodged            |    30 |    70 |   155 |   419 |   170 |   724 |   147 ||  1715

Table legend: (Time is in decaauts)
 A = Elapsed time spent in this place.
 B = Non-inter-level travel time spent in this place.
 C = Inter-level travel time spent in this place.
 D = Time resting spent in this place.
 E = Time spent auto-exploring this place.
 F = Levels seen in this place.
 G = Mean time per level.
                   A        B        C        D        E       F      G
               +--------+--------+--------+--------+--------+-----+--------+
         Total |  35791 |  32794 |   2997 |   6570 |  20070 |  27 | 1325.6 |
       Dungeon |  19899 |  18149 |   1750 |   3804 |  11128 |  15 | 1326.6 |
          Lair |   7420 |   6687 |    733 |    860 |   4426 |   5 | 1484.0 |
     Snake Pit |   4629 |   4388 |    241 |    693 |   3000 |   3 | 1543.0 |
  Orcish Mines |   2652 |   2381 |    271 |    763 |   1180 |   2 | 1326.0 |
         Trove |    119 |    119 |      0 |      0 |     78 |   1 |  119.0 |
      Ice Cave |   1071 |   1071 |      0 |    449 |    258 |   1 | 1071.0 |
               +--------+--------+--------+--------+--------+-----+--------+

Top non-repeatable levels by time:
    D:12: 2523 daAuts
  Lair:2: 2182 daAuts
 Snake:1: 2000 daAuts
    D:14: 1916 daAuts
     D:6: 1849 daAuts
     D:8: 1741 daAuts
   Orc:2: 1668 daAuts
     D:4: 1581 daAuts
 Snake:3: 1550 daAuts
  Lair:5: 1468 daAuts
  Lair:4: 1422 daAuts
    D:11: 1341 daAuts
  Lair:3: 1324 daAuts
     D:2: 1252 daAuts
     D:7: 1222 daAuts
